 Dungeon Sprint DCSS version 0.18-a0-1354-gbc5753f (webtiles) character file.

1327 Kidiri the Covert (level 8, -10/42 HPs)
             Began as a Spriggan Enchanter on Feb 20, 2016.
             Was a Believer of Dithmenos.
             Splashed by an oklob plant's acid (17 damage)
             ... in the Dungeon (Sprint IV: "Fedhas' Mad Dash").
             The game lasted 00:05:03 (1214 turns).

Kidiri the Covert (Spriggan Enchanter)              Turns: 1214, Time: 00:05:03

Health: -10/42     AC:  0    Str:  4    XL:     8   Next: 34%
Magic:  18/21      EV: 26    Int: 18    God:    Dithmenos [**....]
Gold:   35         SH:  0    Dex: 17    Spells: 5 memorised, 12 levels left

rFire  . . .     SeeInvis +     p - +1 rapier (venom)
rCold  . . .     Gourm    .     b - +1 robe
rNeg   . . .     Faith    .     (shield restricted)
rPois  .         Spirit   .     (helmet restricted)
rElec  .         Dismiss  .     l - +0 cloak {+Inv}
rCorr  .         Reflect  .     (gloves unavailable)
SustAt .         Harm     .     (boots unavailable)
MR     +....     NoTele   +     (no amulet)
Stlth  +++++++...               (no ring)
                                (no ring)

@: corroded equipment, wreathed by umbra, very quick, somewhat resistant to
hostile enchantments, extremely stealthy
A: unfitting armour, see invisible, herbivore 3, speed 3, slow metabolism 2
a: Shadow Step, Renounce Religion, Evoke Invisibility


You were in the Dungeon.
You worshipped Dithmenos.
Dithmenos was pleased with you.
You were full.

You visited 1 branch You collected 147 gold pieces.
You spent 112 gold pieces at shops.

Inventory:

Hand Weapons
 p - a +1 rapier of venom (weapon)
Armour
 b - a +1 robe (worn)
 l - a +0 cloak of invisibility (worn)
 o - a cursed +0 buckler
Scrolls
 j - a scroll of blinking
 k - a scroll of enchant armour {unknown}
 n - a scroll of remove curse {unknown}
Potions
 e - a potion of curing
 f - a potion of heal wounds
 g - a potion of haste
 h - 2 potions of magic
 i - a potion of berserk rage
 m - a potion of flight {unknown}
Books
 c - a book of Maledictions

   Spells                             Type                      Level
   a - Corona                         Hexes                        1
   b - Ensorcelled Hibernation        Hexes/Ice                    2
   c - Confuse                        Hexes                        3
   d - Tukima's Dance                 Hexes                        3
   e - Dazzling Spray                 Conjuration/Hexes            3
Comestibles
 a - 3 royal jellies
 d - a bread ration


   Skills:
 + Level 3.7 Fighting
 * Level 7.4 Short Blades
 + Level 3.4 Armour
 * Level 10.2 Dodging
 * Level 11.1 Stealth
 + Level 3.2 Shields
 * Level 8.5 Spellcasting
 + Level 3.0 Conjurations
 + Level 6.9 Hexes
 + Level 3.7 Ice Magic
 - Level 3.3 Invocations
 + Level 5.5 Evocations


You had 12 spell levels left.
You knew the following spells:

 Your Spells              Type           Power        Failure   Level  Hunger
a - Corona                Hex            ####...      1%          1    None
b - Ensorcelled Hibernat  Hex/Ice        ####..       1%          2    None
c - Confuse               Hex            ####....     1%          3    None
d - Tukima's Dance        Hex            ####....     1%          3    None
e - Dazzling Spray        Conj/Hex       ####....     3%          3    None


Dungeon Overview and Level Annotations

Branches:
Dungeon (1/1)

Altars:
Cheibriados
Dithmenos
Elyvilon
Gozag
Kikubaaqudgha
Makhleb
Nemelex Xobeh
Okawaru
Pakellas
Qazlal
Ru
Sif Muna
Trog
Vehumet
Xom
Yredelemnul
Zin
The Shining One
Beogh
Jiyva
Lugonu

Shops:
D (((%

Annotations:
D exclusion: oklob plant


Innate Abilities, Weirdness & Mutations

You are tiny and cannot use many weapons and most armour.
You have supernaturally acute eyesight.
You are an herbivore.
You cover ground extremely quickly.
You need consume almost no food.


Message History

Unknown command.
Marking area around the oklob plant as unsafe for travelling.
An oklob plant comes into view.
Found a potion of curing.
There is an open door here.
You hit the oklob plant but do no damage.
The oklob plant spits acid at you. The splash of acid hits you!
The acid burns!
Unknown command.
Casting: Confuse
Confirm with . or Enter, or press ? or * to list all spells.
Aiming: Confuse
Press: ? - help, Shift-Dir - straight line, f - oklob plant
Aim: an oklob plant (umbra, chance to defeat MR: 43%)
The oklob plant resists with some effort.
The oklob plant spits acid at you. The splash of acid hits you!
* * * LOW HITPOINT WARNING * * *
The acid corrodes you!
The acid burns!
You die...

#<..P#.....#.....#.
#PP..'.....'.#...+.
#PPPP#.....#.#...#_
###############'##.
#.%.♣........'...#.
#.%....♣.....#...##
#.....♣..♣..######
##'####+##### #!@#
#P!# ####


You could see an oklob plant.

Vanquished Creatures
  2 wandering mushrooms (D)
  A queen bee (D)
  A burning bush (D)
  2 scorpions (D)
  4 killer bees (D)
  4 oklob saplings (D)
  A worker ant (D)
  2 spriggans (D)
  A river rat (D)
  A rat (D)
19 creatures vanquished.

Notes
Turn   | Place    | Note
--------------------------------------------------------------
     0 | D        | Kidiri the Spriggan Enchanter began the quest for the Orb.
     0 | D        | Reached XP level 1. HP: 9/9 MP: 5/5
     8 | D        | Reached skill level 5 in Stealth
     8 | D        | Reached XP level 2. HP: 14/14 MP: 7/7
    17 | D        | Learned a level 2 spell: Ensorcelled Hibernation
    64 | D        | Noticed an oklob sapling
    65 | D        | Killed an oklob sapling
    65 | D        | Reached skill level 1 in Fighting
    65 | D        | Reached skill level 1 in Armour
    65 | D        | Reached XP level 3. HP: 18/18 MP: 7/9
    70 | D        | Learned a level 3 spell: Confuse
    74 | D        | Learned a level 3 spell: Dazzling Spray
    85 | D        | Reached skill level 5 in Dodging
    85 | D        | Reached skill level 6 in Stealth
    85 | D        | Reached skill level 1 in Ice Magic
   115 | D        | Found a snail-covered altar of Cheibriados.
   115 | D        | Found a glowing silver altar of Zin.
   115 | D        | Found a white marble altar of Elyvilon.
   116 | D        | Found a viscous altar of Jiyva.
   116 | D        | Found a radiant altar of Vehumet.
   116 | D        | Found a deep blue altar of Sif Muna.
   116 | D        | Found a burning altar of Makhleb.
   116 | D        | Found an oddly glowing altar of Pakellas.
   116 | D        | Found an ancient bone altar of Kikubaaqudgha.
   116 | D        | Found a bloodstained altar of Trog.
   116 | D        | Found a corrupted altar of Lugonu.
   116 | D        | Found a sacrificial altar of Ru.
   116 | D        | Noticed an oklob sapling priest
   117 | D        | Found a glowing golden altar of the Shining One.
   117 | D        | Found a sparkling altar of Nemelex Xobeh.
   118 | D        | Found a shadowy altar of Dithmenos.
   119 | D        | Found an iron altar of Okawaru.
   119 | D        | Found a shimmering altar of Xom.
   120 | D        | Found an opulent altar of Gozag.
   121 | D        | Found a basalt altar of Yredelemnul.
   121 | D        | Found a roughly hewn altar of Beogh.
   122 | D        | Killed an oklob sapling priest
   122 | D        | Reached skill level 7 in Stealth
   122 | D        | Reached skill level 5 in Spellcasting
   122 | D        | Reached skill level 1 in Evocations
   122 | D        | Reached XP level 4. HP: 23/23 MP: 8/12
   123 | D        | Found a stormy altar of Qazlal.
   127 | D        | Became a worshipper of Dithmenos the Shadowed
   378 | D        | Reached skill level 1 in Conjurations
   378 | D        | Reached skill level 5 in Hexes
   378 | D        | Reached XP level 5. HP: 26/26 MP: 10/13
   383 | D        | Reached skill level 1 in Invocations
   386 | D        | Reached * piety under Dithmenos
   386 | D        | Reached skill level 5 in Short Blades
   386 | D        | Reached skill level 8 in Stealth
   405 | D        | Found Pataxocsu's Weapon Shop.
   405 | D        | Found Vuehos Comu's Antique Weapon Emporium.
   535 | D        | Noticed a burning bush
   535 | D        | Noticed a wandering mushroom
   536 | D        | Noticed a wandering mushroom
   539 | D        | Reached XP level 6. HP: 18/32 MP: 13/16
   540 | D        | Killed a wandering mushroom
   540 | D        | Reached skill level 9 in Stealth
   542 | D        | Killed a wandering mushroom
   542 | D        | Reached skill level 10 in Stealth
   542 | D        | Reached XP level 7. HP: 20/36 MP: 14/19
   566 | D        | Learned a level 3 spell: Tukima's Dance
   807 | D        | Killed a burning bush
   817 | D        | Found Asul's Antique Weapon Shoppe.
   818 | D        | Found Oleulolu's Food Emporium.
   836 | D        | Bought a runed rapier for 112 gold pieces
   981 | D        | Noticed a queen bee
   988 | D        | Killed a queen bee
   988 | D        | Reached skill level 10 in Dodging
   988 | D        | Reached skill level 5 in Evocations
   988 | D        | Reached XP level 8. HP: 40/40 MP: 19/21
   990 | D        | Reached ** piety under Dithmenos
   990 | D        | Reached skill level 11 in Stealth
  1211 | D        | Noticed an oklob plant
  1214 | D        | Splashed by an oklob plant's acid

Vault maps used:
D:        dungeon_sprint_fedhas

Action                   |  1- 3 |  4- 6 |  7- 9 || total
-------------------------+-------+-------+-------++-------
Melee: Dagger            |     5 |     7 |    11 ||    23
       Rapier            |       |       |    17 ||    17
 Cast: Ensorcelled Hiber |     1 |       |       ||     1
       Confuse           |       |       |     5 ||     5
 Abil: Evoke Invisibilit |     1 |     2 |     2 ||     5
 Stab: Sleeping          |     5 |     7 |     1 ||    13
       Confused          |       |       |     2 ||     2
       Invisible         |       |       |     4 ||     4
  Eat: Bread ration      |       |       |     1 ||     1
